 Dungeon Sprint DCSS version 0.31-a0-435-g2c6fae2916 (webtiles) character file.

Game seed: 11042998336375305472

8998 rocky1 the Brawler (level 11, -17/86 (92) HPs)
             Began as a Demonspawn Shapeshifter on Aug 2, 2023.
             Was an Initiate of Gozag.
             Killed from afar by an eidolon (46 damage)
             ... with a bolt of negative energy
             ... in the Dungeon (Sprint VII: "The Pits").
             The game lasted 00:11:15 (3346 turns).

rocky1 the Brawler (Demonspawn Shapeshifter)        Turns: 3346, Time: 00:11:16

HP:   -17/86 (92)   AC: 13    Str: 14 (15) XL:     11   Next: 17%
MP:   11/11         EV: 15    Int: 13 (14) God:    Gozag
Gold: 1356          SH:  0    Dex: 18      Spells: 10/10 levels left

rFire   . .          .
                       - Unarmed
rCold   . . .        (no shield)
rNeg    . . .        u - +4 chain mail
rPois   .            (helmet currently unavailable)
rElec   .            (cloak currently unavailable)
rCorr   .            (gloves currently unavailable)
SInv    .            (boots currently unavailable)
Will    .....        (no amulet) Stlth
                     (no ring)
HPRegen 0.34/turn    (no ring)
MPRegen 0.12/turn

%: no teleportation
@: confused, mighty, agile, beast-form, gold aura, slowed, drained, invisible,
very slow
A: beast (slay +7), thin skeletal structure 2, powered by death 2, powered by
pain 2, weakness stinger 1
a: Begin Untransformation, Renounce Religion, Potion Petition, Call Merchant,
Bribe Branch


You were in the Dungeon.
You worshipped Gozag.
Gozag was most pleased with you.
You were a hulking beast.
You visited 1 branch You collected 4158 gold pieces.
You spent 1272 gold pieces at shops.
You paid 1530 gold pieces to Gozag.

Inventory:

Armour
 a - a +0 animal skin
 s - a +3 plate armour
 t - a +0 pair of boots
 u - a +4 chain mail (worn)
 v - a +0 helmet
 x - a +1 hat of see invisible
Jewellery
 h - a +3 ring of dexterity
 o - a +3 ring of dexterity
Talismans
 c - a beast talisman (active)
 n - a talisman of death
Wands
 m - a wand of quicksilver (5)
Scrolls
 k - 5 scrolls of amnesia
 l - a scroll of butterflies
 w - a scroll of revelation
Potions
 b - a potion of lignification
 d - 3 potions of curing
 e - 4 potions of heal wounds
 g - 4 potions of magic
 p - 2 potions of berserk rage
 q - a potion of might
 r - a potion of mutation


   Skills:
 * Level 10.6 Fighting
 * Level 5.4 Armour
 + Level 6.8 Dodging
 - Level 0.1 Stealth
 + Level 18.5 Unarmed Combat
 + Level 1.5 Evocations
 * Level 10.3 Shapeshifting


You had 10 spell levels left.
You didn't know any spells.
Your spell library was empty.

Dungeon Overview and Level Annotations

Branches:
Dungeon (1/1)

Altars:
Ashenzari
Cheibriados
Dithmenos
Fedhas
Gozag
Hepliaklqana
Kikubaaqudgha
Makhleb
Nemelex Xobeh
Okawaru
Qazlal
Ru
Sif Muna
Trog
Uskayaw
Vehumet
Wu Jian
Xom
Yredelemnul
Jiyva
Lugonu

Shops:
D =?


Innate Abilities, Weirdness & Mutations

You are a hulking beast.
Your limbs bulge with bestial killing power. (Slay +7)
You have a moderately thin skeletal structure. (Dex +4, Stealth++)
You regenerate health from kills.
You sometimes gain power by taking damage.
You have a small tail.


Message History

You kill the emperor scorpion!
Your Armour skill increases to level 5!
You closely miss the swamp drake. You tail-slap the swamp drake!
The swamp drake is moderately wounded.
You closely miss the eidolon. You tail-slap the eidolon!
The eidolon is lightly damaged.
You barely miss the eidolon. You tail-slap the eidolon.
The eidolon is lightly damaged.
The swamp drake breathes poison at the eidolon.
The noxious blast engulfs the eidolon but does no damage.
You hit the eidolon but do no damage.
The eidolon is lightly damaged.
You choke on the stench!
You are confused.
The eidolon closely misses you. The eidolon hits you.
You feel weakened.
You pummel the eidolon!!
You tail-slap the eidolon, but do no damage.
Your punch misses the eidolon.
The eidolon is heavily damaged.
You choke on the stench!
You are more confused.
You bump into the metal wall.
You choke on the stench!
You are more confused.
The eidolon hits you but does no damage.
The eidolon hits you.
You're too confused to move!
The eidolon hits you!!
* * * LOW HITPOINT WARNING * * *
The eidolon drains your vigour!
You feel yourself slow down. The eidolon hits you.
* * * LOW HITPOINT WARNING * * *
The swamp drake breathes poison at the eidolon.
The noxious blast engulfs the eidolon but does no damage.
You feel much better. The eidolon closely misses you. The eidolon hits you.
You feel dopey. The eidolon stares piercingly at you.
The bolt of negative energy hits you!!!
You feel drained.
Ouch! That really hurt!
You die...
Your body crumbles into a pile of gold.

#_________.#
#_________.#
#_______...#######
##########'##.....
#.?(.')))'.##.....
##########.##.....
#k).........'.....
#W#####'#####.....
#h#.)#..#..##.....
#.#..'..'..#####'#
#.##+####)###.....
#.#........##.....
#.#........##.....
#.#####'#####...<.
#.#...)))[.##.....
#.#...)))[.##.....
#'###########.....


You could see an eidolon and a swamp drake (unable to see you).

Vanquished Creatures
  Gastronok (D)
  An emperor scorpion (D)
  A shadow wraith (D)
  A spriggan druid (D)
  A bog body (D)
  A lindwurm (D)
  A wolf spider (D)
  A smoke demon (D)
  A komodo dragon (D)
  Psyche (D)
  A kobold demonologist (D)
  A guardian mummy (D)
  An ice devil (D)
  A tyrant leech (D)
  A snapping turtle (D)
  6 dream sheep (D)
  3 flying skulls (D)
  A wandering mushroom (D)
  A fire bat (D)
  An acid dragon (D)
  A water moccasin (D)
  2 sky beasts (D)
  A wolf (D)
  A centaur (D)
  A phantom (D)
  A gnoll sergeant (D)
  A scorpion (D)
  3 killer bees (D)
  Ijyb (D)
  A hell rat (D)
  5 gnolls (D)
  2 white imps (D)
  A worm (D)
  3 orcs (D)
  A ball python (D)
  2 bats (D)
  2 endoplasms (D)
  2 quokkas (D)
  A ball python skeleton (D)
  A frilled lizard (D)
  A rat (D)
61 creatures vanquished.

Notes
Turn   | Place    | Note
-------+----------+-------------------------------------------
     0 | D        | rocky1 the Demonspawn Shapeshifter began the quest for the
                  | Orb.
     0 | D        | Reached XP level 1. HP: 15/15 MP: 1/1
    24 | D        | Found a bloodstained altar of Trog.
    24 | D        | Found a shimmering blue altar of Sif Muna.
    24 | D        | Found a viscous altar of Jiyva.
    24 | D        | Found a hazy altar of Hepliaklqana.
    24 | D        | Found an opulent altar of Gozag.
    25 | D        | Found a basalt altar of Yredelemnul.
    25 | D        | Found a shimmering altar of Xom.
    25 | D        | Found an ornate altar of the Wu Jian Council.
    25 | D        | Found a sacrificial altar of Ru.
    25 | D        | Found a stormy altar of Qazlal.
    25 | D        | Found an iron altar of Okawaru.
    25 | D        | Found a sparkling altar of Nemelex Xobeh.
    25 | D        | Found a burning altar of Makhleb.
    25 | D        | Found a blossoming altar of Fedhas.
    25 | D        | Found a shadowy altar of Dithmenos.
    25 | D        | Found a snail-covered altar of Cheibriados.
    28 | D        | Found a corrupted altar of Lugonu.
    28 | D        | Found a radiant altar of Vehumet.
    29 | D        | Found an ancient bone altar of Kikubaaqudgha.
    29 | D        | Found a hide-covered altar of Uskayaw.
    29 | D        | Found a broken altar of Ashenzari.
    32 | D        | Became a worshipper of Gozag Ym Sagoz the Greedy
    64 | D        | Noticed a scorpion
    74 | D        | Killed a scorpion
    75 | D        | Reached skill level 5 in Unarmed Combat
    75 | D        | Gained mutation: You regenerate a little health from kills.
                  | [demonic ancestry]
    75 | D        | Reached XP level 2. HP: 21/23 MP: 2/2
    75 | D        | Reached XP level 3. HP: 26/28 MP: 3/3
   395 | D        | Noticed a sky beast
   405 | D        | Gained mutation: You sometimes gain a little power by
                  | taking damage. [demonic ancestry]
   405 | D        | Reached XP level 4. HP: 23/34 MP: 4/4
   414 | D        | Killed a sky beast
   415 | D        | Reached skill level 7 in Unarmed Combat
   415 | D        | Reached skill level 5 in Shapeshifting
   415 | D        | Gained mutation: You sometimes gain power by taking damage.
                  | [demonic ancestry]
   415 | D        | Reached XP level 5. HP: 21/42 MP: 5/5
   628 | D        | Noticed a sky beast
   667 | D        | Noticed a flying skull
   676 | D        | Killed a sky beast
   677 | D        | Reached skill level 8 in Unarmed Combat
   677 | D        | Reached XP level 6. HP: 24/50 MP: 6/6
   683 | D        | Reached skill level 5 in Fighting
   683 | D        | Reached skill level 9 in Unarmed Combat
   694 | D        | Killed a flying skull
   695 | D        | Reached skill level 10 in Unarmed Combat
   695 | D        | Gained mutation: You have a small tail. [demonic ancestry]
   695 | D        | Reached XP level 7. HP: 27/57 MP: 7/7
   707 | D        | Noticed a flying skull
   710 | D        | Noticed a flying skull
   983 | D        | Killed a flying skull
   984 | D        | Reached skill level 11 in Unarmed Combat
   985 | D        | Killed a flying skull
  1296 | D        | Noticed Psyche
  1300 | D        | Killed Psyche
  1301 | D        | Reached skill level 12 in Unarmed Combat
  1301 | D        | Gained mutation: You have a somewhat thin skeletal
                  | structure. (Dex +2, Stealth+) [demonic ancestry]
  1301 | D        | Reached XP level 8. HP: 65/65 MP: 8/8
  1356 | D        | Noticed Ijyb
  1379 | D        | Killed Ijyb
  1503 | D        | Noticed a tyrant leech
  1503 | D        | Noticed a wolf spider
  1551 | D        | Noticed a dream sheep
  1551 | D        | Noticed a dream sheep
  1551 | D        | Noticed a komodo dragon
  1554 | D        | Noticed a dream sheep
  1577 | D        | Noticed a dream sheep
  1578 | D        | Noticed a dream sheep
  1579 | D        | Noticed a dream sheep
  1580 | D        | Killed a dream sheep
  1581 | D        | Reached skill level 13 in Unarmed Combat
  1586 | D        | Killed a dream sheep
  1587 | D        | Killed a dream sheep
  1588 | D        | Reached skill level 14 in Unarmed Combat
  1590 | D        | Killed a dream sheep
  1591 | D        | Gained mutation: You regenerate health from kills. [demonic
                  | ancestry]
  1591 | D        | Reached XP level 9. HP: 52/73 MP: 9/9
  1627 | D        | Killed a komodo dragon
  1628 | D        | Reached skill level 5 in Dodging
  1628 | D        | Reached skill level 15 in Unarmed Combat
  1630 | D        | Noticed a bog body
  1637 | D        | Killed a bog body
  1679 | D        | Killed a shadow wraith
  1680 | D        | Reached skill level 16 in Unarmed Combat
  1818 | D        | Noticed a guardian mummy
  1818 | D        | Noticed a lindwurm
  1825 | D        | Killed a guardian mummy
  1826 | D        | Reached XP level 10. HP: 78/82 MP: 10/10
  1834 | D        | Killed a lindwurm
  1965 | D        | Bought a talisman of death for 1137 gold pieces
  1981 | D        | Killed a wolf spider
  1982 | D        | Reached skill level 17 in Unarmed Combat
  2599 | D        | Bought a scroll of revelation for 135 gold pieces
  2614 | D        | Noticed a smoke demon
  2623 | D        | Killed a smoke demon
  2624 | D        | Reached skill level 1 in Armour
  3059 | D        | Noticed Gastronok
  3081 | D        | Killed Gastronok
  3082 | D        | Reached skill level 10 in Fighting
  3082 | D        | Reached skill level 18 in Unarmed Combat
  3082 | D        | Reached skill level 10 in Shapeshifting
  3266 | D        | Noticed an eidolon
  3266 | D        | Noticed a spriggan druid
  3271 | D        | Killed a spriggan druid
  3272 | D        | Reached skill level 1 in Evocations
  3272 | D        | Gained mutation: You have a moderately thin skeletal
                  | structure. (Dex +4, Stealth++) [demonic ancestry]
  3272 | D        | Reached XP level 11. HP: 68/92 MP: 11/11
  3273 | D        | Noticed an emperor scorpion
  3338 | D        | Killed an emperor scorpion
  3339 | D        | Reached skill level 5 in Armour
  3346 | D        | Killed from afar by an eidolon

Illustrated notes

Levels and vault maps discovered:
D:        pitsprint [storerooms_1, entrance_room_1, metal_vault_8, armoury_1,
          mini_pit_1, grid_room_1, main_hall_1, silver_pit, the_coven_3,
          the_vestibule_1, steel_vault_5, golden_pit, hallway_of_sentries,
          crystal_vault_6, iron_vault_1, final_vault]

Skill      XL: |  1  2  3  4  5  6  7  8  9 10 11 |
---------------+----------------------------------+-----
Shapeshifting  | 4 5 6 7 8 9 10 | 10.3
Fighting       | 2 3 4 5 6 7 8 10 | 10.6
Dodging        | 2 3 4 5 6 |  6.8
Unarmed Combat | 5 7 8 10 12 14 16 18 | 18.5
Armour         | 4 5 |  5.4
Evocations     | 1 |  1.5
Stealth        | |  0.1

Action                     |  1- 3 |  4- 6 |  7- 9 | 10-12 || total
---------------------------+-------+-------+-------+-------++-------
  Melee: Unarmed           |    24 |    46 |    72 |    82 ||   224
         Punch             |       |     2 |     2 |     8 ||    12
         Tailslap          |       |       |    11 |    15 ||    26
 Invoke: Call Merchant     |       |       |     1 |     1 ||     2
  Evoke: Wand              |       |       |       |     6 ||     6
    Use: Potion            |       |     5 |     3 |    11 ||    19
         Scroll            |       |       |       |     1 ||     1
   Stab: Sleeping          |     3 |       |     1 |     1 ||     5
         Invisible         |       |     2 |       |     4 ||     6
         Distracted        |       |       |     1 |       ||     1
 Armour: Animal skin       |     3 |     1 |     3 |     2 ||     9
         Chain mail        |       |       |       |    33 ||    33
  Dodge: Dodged            |    19 |    25 |    33 |    33 ||   110

Table legend: (Time is in decaauts)
 A = Elapsed time spent in this place.
 B = Non-inter-level travel time spent in this place.
 C = Inter-level travel time spent in this place.
 D = Time resting spent in this place.
 E = Time spent auto-exploring this place.
 F = Levels seen in this place.
 G = Mean time per level.
                   A        B        C        D        E       F      G
               +--------+--------+--------+--------+--------+-----+--------+
         Total |   3319 |   3099 |    220 |   2187 |      0 |   1 | 3319.0 |
       Dungeon |   3319 |   3099 |    220 |   2187 |      0 |   1 | 3319.0 |
               +--------+--------+--------+--------+--------+-----+--------+

Top non-repeatable levels by time:
       D: 3319 daAuts
